 Dungeon Sprint DCSS version 0.03.2.1-42-g860841ac0a (webtiles) character file.

Game seed: 10956615357922458478, levelgen mode: deterministic

1169 esc the Crack Shot (level 8, -17/61 HPs) Centaur Hunter. Began on Jan 25, 2021. Was an Initiate of Gozag Ym Sagoz. Demolished by a +3 dire flail of protection (20 damage) ... in the Dungeon (Sprint V: "Ziggurat Sprint"). The game lasted 00:02:47 (99 turns).

esc the Crack Shot (Centaur Hunter)                   Turns: 99, Time: 00:02:48

Health: -17/61     AC: 13    Str: 21    XL:     8 ^: 1127
Magic:  8/8        EV:  7    Int: 10    God:    Gozag Ym Sagoz
Gold:   189        SH:  0    Dex: 16    Spells: 7/7 levels left

rFire    . . .     Vision   .   F - +8 storm bow {elec, penet}
rCold    . . .     Gourm    .   (also wielding the above weapon)
rNeg     . . .     Faith    .   H - +5 plate armour
rPois    .         Spirit   .   (no helmet)
rElec    .         Reflect  .   (no cloak)
rCorr    .         Harm     .   (no gloves)
MR       .....     NoTele   +   (no barding)
Stlth    ..........             (no amulet)
HPRegen  0.30/turn              y - ring of dexterity
MPRegen  0.18/turn              C - ring of strength

@: gold aura, very quick
A: large, hooves 3, deformed body, speed 2, tough skin 3
a: Potion Petition, Call Merchant, Bribe Branch, Renounce Religion


You were in the Dungeon.
You worshipped Gozag Ym Sagoz.
Gozag Ym Sagoz was aware of your devotion.
You were not hungry.

You visited 1 branch You collected 189 gold pieces.

Inventory:

Weapons
 k - a +5 longbow
 E - the +9 ballista "Sniper" {velocity, Acc+∞ +Vis}
   (You found it in the Dungeon)

   Any bolt fired from it inflicts extra damage.
   It improves your vision.
 F - the +8 storm bow (weapon) {elec, penet}
   (You found it in the Dungeon)

   It charges the ammunition it shoots with electricity; occasionally upon a
   hit, such missiles may discharge and cause terrible harm.
   Ammo fired by it will pass through the targets it hits, potentially hitting
   all targets in its path until it reaches maximum range.
Armour
 G - +5 gold dragon scales
 H - a +5 plate armour (worn)
Jewellery
 y - a ring of dexterity (left hand)
 z - an uncursed ring of dexterity
 C - a ring of strength (right hand)
 D - an uncursed ring of strength
Wands
 t - a wand of disintegration (7)
 w - a wand of iceblast (7)
 x - a wand of acid (7)
Scrolls
 j - 4 scrolls of blinking
 l - 4 scrolls of amnesia
 m - 7 scrolls of fog
 n - a scroll of holy word
 o - 5 scrolls of bless item
 p - 2 scrolls of fear
Potions
 e - 10 potions of curing
 f - 10 potions of heal wounds
 g - 6 potions of haste
 h - 7 potions of magic
 i - 3 potions of berserk rage
 q - 2 potions of brilliance
 r - 2 potions of invisibility
 s - 4 potions of resistance
 u - 5 potions of agility
 v - 5 potions of might
Comestibles
 d - 7 rations


   Skills:
 - Level 2.0 Fighting
 + Level 21.4 Bows
 - Level 1.3 Dodging
 - Level 0.4 Stealth


You had 7 spell levels left.
You didn't know any spells.
Your spell library was empty.

Dungeon Overview and Level Annotations

Branches:
Dungeon (1/1)

Altars:
Ashenzari
Cheibriados
Dithmenos
Elyvilon
Fedhas Madash
Gozag Ym Sagoz
Hepliaklqana
Kikubaaqudgha
Makhleb
Nemelex Xobeh
Okawaru
Qazlal
Ru
Sif Muna
Trog
Uskayaw
Vehumet
Wu Jian
Xom
Yredelemnul
Zin
The Shining One
Beogh
Jiyva
Lugonu

Annotations:
D 1 transporter


Innate Abilities, Weirdness & Mutations

You have hooves in place of feet.
Armour fits poorly on your strangely shaped body.
You cover ground very quickly.
You have extremely tough skin. (AC +3)


Message History

The +3 dire flail of protection hits you (12)!
* * * LOW HITPOINT WARNING * * *
Unknown command.
Aiming:
F - the +8 storm bow {elec, penet}, Range: 1 (25%)
Press: ? - help, Shift-Dir - straight line, f/p - +3 dire flail of protection
Aim: a +3 dire flail of protection (severely damaged (10/26))
You shoot an arrow.
The arrow pierces through the +3 dire flail of protection (6).
The +3 dire flail of protection is almost destroyed. (4/26) HP The +3 dire flail of protection hits you (15)!
* * * LOW HITPOINT WARNING * * *
Unknown command.
Aiming:
F - the +8 storm bow {elec, penet}, Range: 1 (25%)
Press: ? - help, Shift-Dir - straight line, f/p - +3 dire flail of protection
Aim: a +3 dire flail of protection (almost destroyed (5/26))
You shoot an arrow.
The arrow closely misses the +3 dire flail of protection (0).
The +3 dire flail of protection hits you (20)!!
You die...
Your body crumbles into a pile of gold.

▓▓▓▓▓▓▓▓▓▓▓▓▓
▓.8©8.▓.8©8.▓
▓.][=.▓.....▓
▓.$...▓.}.).▓
▓..$..▓.....▓
▓.....▓.....▓
▓..(..▓..©..▓
▓..@..▓▓▓▓▓▓▓
▓▓▓▓▓▓▓


You could see a +3 dire flail of protection.

Vanquished Creatures
  A deep elf knight (D)
  A deep elf mage (D)
  A yak (D)
  A jackal (D)
4 creatures vanquished.

Notes
Turn   | Place    | Note
-------+----------+-------------------------------------------
     0 | D        | esc the Centaur Hunter began the quest for the Orb.
     0 | D        | Reached XP level 1. HP: 17/17 MP: 1/1
     2 | D        | Found a blossoming altar of Fedhas.
     3 | D        | Found the +6 Majin-Bo {vampiric, corrupt archmagi; MP+6
                  | Int+6}
     3 | D        | Found the +9 ballista "Sniper" {velocity, Acc+∞ +Vis}
     3 | D        | Found the +10 dark maul {crush}
     3 | D        | Found the +15 Maxwell's patent armour {-Cast -Tele rElec
                  | MR+ rCorr}
     3 | D        | Found the +18 shield of the Gong {rElec rN+ MR+ EV-5}
     3 | D        | Found the +14 obsidian axe {chop, +Fly +Vis Soulbond}
     3 | D        | Found the +7 great mace "Firestarter" {inner flame, rF++}
     3 | D        | Found the +6 shillelagh "Devastator" {shatter}
     3 | D        | Found the +11 plutonium sword {*Contam Stlth-}
     3 | D        | Found the +8 lance "Wyrmbane" {slay drac, rPois rF+ rC+
                  | AC+3}
     3 | D        | Found the +9 sword of Zonguldrok {reap}
     3 | D        | Found the +13 scythe of Curses {drain, Soulbond}
     3 | D        | Found the +0 sword of Power
     3 | D        | Found the +7 mace of Variability {chain chaos}
     3 | D        | Found the +7 Singing Sword {penetrate, sonic wave}
     3 | D        | Found the +8 storm bow {elec, penet}
     3 | D        | Found a viscous altar of Jiyva.
     3 | D        | Found a hazy altar of Hepliaklqana.
     3 | D        | Found a transporter.
     3 | D        | Found an opulent altar of Gozag.
     3 | D        | Found an ancient bone altar of Kikubaaqudgha.
     3 | D        | Found a corrupted altar of Lugonu.
    17 | D        | Became a worshipper of Gozag Ym Sagoz the Greedy
    22 | D        | Found a burning altar of Makhleb.
    23 | D        | Found a stormy altar of Qazlal.
    23 | D        | Found a sacrificial altar of Ru.
    23 | D        | Found an iron altar of Okawaru.
    23 | D        | Found a shimmering blue altar of Sif Muna.
    23 | D        | Found a sparkling altar of Nemelex Xobeh.
    23 | D        | Found a bloodstained altar of Trog.
    30 | D        | Reached skill level 10 in Bows
    30 | D        | Reached XP level 2. HP: 24/24 MP: 2/2
    82 | D        | Entered arena 2.
    82 | D        | Noticed a yak
    82 | D        | Found a transporter.
    84 | D        | Killed a yak
    84 | D        | Reached skill level 14 in Bows
    84 | D        | Reached XP level 3. HP: 29/29 MP: 3/3
    84 | D        | Reached XP level 4. HP: 36/36 MP: 4/4
    84 | D        | Reached XP level 5. HP: 41/41 MP: 5/5
    93 | D        | Entered arena 3.
    93 | D        | Noticed a deep elf knight
    93 | D        | Noticed a +3 dire flail of protection
    93 | D        | Noticed a deep elf mage
    93 | D        | Found a transporter.
    95 | D        | Killed a deep elf knight
    95 | D        | Reached skill level 20 in Bows
    95 | D        | Reached XP level 6. HP: 23/48 MP: 6/6
    95 | D        | Reached XP level 7. HP: 26/55 MP: 7/7
    96 | D        | Killed a deep elf mage
    96 | D        | Reached skill level 21 in Bows
    96 | D        | Reached XP level 8. HP: 30/61 MP: 8/8
    98 | D        | HP: 3/61 [+3 dire flail of protection (15)]
    99 | D        | Demolished by a +3 dire flail of protection

Levels and vault maps discovered:
D:        sprint_v [room_start, room_1, room_2, room_3, room_4, room_5, room_6,
          room_7, room_8, room_9, room_10, room_11, room_12, room_13, room_14,
          room_15, room_16, room_17, room_18, room_19, room_20, room_21,
          room_22, room_23, room_24, room_25, room_26, room_27]

Skill      XL: |  1  2  3  4  5  6  7 |
---------------+----------------------+-----
Bows           | 10 14 20 21 | 21.4
Fighting       | |  2.0
Dodging        | |  1.3
Stealth        | |  0.4

Action                   |  1- 3 |  4- 6 |  7- 9 || total
-------------------------+-------+-------+-------++-------
 Fire: Longbow           |     2 |     3 |     4 ||     9
  Use: Potion            |     1 |       |       ||     1
